 Dungeon Crawl Stone Soup version 0.17-a0-1093-g0b3cd89 (webtiles) character file.

135 Hanyuu the Insei (level 5, -2/33 HPs)
             Began as an Octopode Transmuter on May 19, 2015.
             Slain by a rat (3 damage)
             ... in a sewer on May 20, 2015.
             The game lasted 00:09:12 (2696 turns).

Hanyuu the Insei (Octopode Transmuter)              Turns: 2696, Time: 00:09:13

Health: -2/33      AC:  1    Str: 10    XL:     5   Next: 18%
Magic:  8/8        EV: 12    Int: 16    God:
Gold:   159        SH:  0    Dex: 12    Spells: 3 memorised, 2 levels left

rFire  . . .     SeeInvis .       - Unarmed
rCold  . . .     Clarity  .     (no shield)
rNeg   . . .     SustAb   .     (helmet restricted)
rPois  .         Gourm    .     (no amulet)
rElec  .         Spirit   .     (no ring)
rCorr  .         Warding  .     (no ring)
rMut   .         Stasis   .     (no ring)
MR     .....                    (no ring)
Stlth  ++........               (no ring)
                                (no ring)
                                (no ring)
                                (no ring)

@: lethally poisoned (-2 -> -12), appendage (expiring), not resistant to hostile
enchantments, unstealthy
A: almost no armour, amphibious, 8 rings, constrict 8, tentacle spike 3,
camouflage 1, gelatinous body 1
a: End Transformation


You were in a sewer.
You were not hungry.
One of your tentacles had a temporary spike.
You visited 1 branch of the dungeon, and saw 3 of its levels.
You also visited: Sewer.

You collected 159 gold pieces.

Inventory:

Missiles
 a - 12 arrows
 e - 16 arrows of frost
Scrolls
 d - a scroll of immolation
 j - a scroll of enchant armour
 m - 2 scrolls of teleportation
Potions
 f - a potion of might {unknown}
 h - 2 potions of resistance {unknown}
 k - 2 potions of haste {unknown}
 n - 4 potions of flight
Books
 b - a book of Changes

   Spells                             Type                      Level
   a - Beastly Appendage              Transmutation                1
   b - Sticks to Snakes               Transmutation                2
   c - Spider Form                    Transmutation/Poison         3
   d - Ice Form                       Ice/Transmutation            4
   e - Blade Hands                    Transmutation                5
Comestibles
 c - 2 bread rations
 g - a slice of pizza
 i - 9 chunks of flesh
 l - 3 meat rations
 o - a beef jerky


   Skills:
 - Level 1.0 Fighting
 - Level 2.0 Dodging
 + Level 5.3 Unarmed Combat
 - Level 2.0 Spellcasting
 + Level 2.7 Transmutations


You had 2 spell levels left.
You knew the following spells:

 Your Spells              Type           Power        Failure   Level  Hunger
a - Beastly Appendage     Trmt           ##....       10%         1    #......
b - Sticks to Snakes      Trmt           ##........   12%         2    ###....
c - Spider Form           Trmt/Pois      #.........   38%         3    ###....


Dungeon Overview and Level Annotations

Branches:
Dungeon (3/15)

Altars:
Gozag
Sif Muna

Shops:
D:2 *


Innate Abilities, Weirdness & Mutations

You cannot wear most types of armour.
You are amphibious.
You can wear up to eight rings at the same time.
You can use your tentacles to constrict eight enemies at once.
Your skin changes colour to match your surroundings (Stealth).
Your rubbery body absorbs attacks (AC +1).
One of your tentacles bears a large vicious spike.


Message History

You tentacle-slap the adder. Your grab misses the adder.
Your squeeze misses the adder.
The adder is moderately wounded.
You feel sick. The adder bites you.
You tentacle-slap the adder. You grab the adder.
You pierce the adder, but do no damage.
The adder is moderately wounded.
You constrict the adder. The adder bites you. The adder bites you.
* * * LOW HITPOINT WARNING * * *
You are more poisoned.
The adder poisons you! The rat closely misses you.
You barely miss the adder. Your squeeze misses the adder.
The adder is heavily wounded.
You constrict the adder.
* * * LOW HITPOINT WARNING * * *
You feel sick. The adder bites you.
* * * LOW HITPOINT WARNING * * *
You are more poisoned.
The adder poisons you! The rat bites you.
You die...

####### ##..†..##
#..###..# ≈ ##.##
#≈≈###### ≈≈l #.@#
#≈†.....###
≈≈≈≈≈#Sr#########≈...##
≈≈≈≈≈≈≈r≈≈≈≈≈≈≈≈#≈≈...##
≈≈≈≈≈#..########≈≈≈≈≈..#
≈≈≈###..# ####≈≈≈## ≈≈
#..# ##≈≈≈# ≈ #..# #.#≈≈
#### #.### #....


You could see an adder and 2 rats.

Vanquished Creatures
  A siren (Sewer)
  A river rat (Sewer)
  2 adders
  An ooze (D:1)
  2 worms (D:2)
  4 giant cockroaches
  4 goblins
  6 hobgoblins
  5 jackals
  3 ball pythons
  4 bats
  6 giant geckos
  2 giant newts
  6 kobolds (D:1)
  A quokka (D:3)
  28 rats
76 creatures vanquished.

Notes
Turn   | Place    | Note
--------------------------------------------------------------
     0 | D:1      | Hanyuu the Octopode Transmuter began the quest for the Orb.
     0 | D:1      | Reached XP level 1. HP: 13/13 MP: 3/3
   211 | D:1      | Reached XP level 2. HP: 1/18 MP: 1/5
   600 | D:1      | Reached skill level 4 in Unarmed Combat
   850 | D:1      | Reached XP level 3. HP: 15/23 MP: 6/6
   869 | D:1      | Learned a level 2 spell: Sticks to Snakes
   877 | D:1      | Learned a level 3 spell: Spider Form
  1259 | D:2      | Found an opulent altar of Gozag.
  1259 | D:2      | Found Gozag's Platinum Reserve.
  1267 | D:2      | Upgraded the game from 0.17-a0-1078-g243345b to 0.17-a0-1093-g0b3cd89
  1359 | D:2      | Found a deep blue altar of Sif Muna.
  1789 | D:3      | Found a glowing drain.
  1799 | D:3      | Reached XP level 4. HP: 17/28 MP: 7/7
  1870 | Sewer    | Entered a sewer
  2079 | Sewer    | Reached skill level 5 in Unarmed Combat
  2534 | Sewer    | Reached XP level 5. HP: 28/33 MP: 6/8
  2696 | Sewer    | HP: 1/33 [adder (5)]
  2696 | Sewer    | Slain by a rat

Vault maps used:
D:1:      erik_arrival_triangle_medium
D:2:      old_standard_altar, nicolae_gozag_zags_fifth_avenue
D:3:      portal_sewer_entry_d
Sewer:    sewer_sea

Action                   |  1- 3 |  4- 6 || total
-------------------------+-------+-------++-------
Melee: Unarmed           |   111 |    70 ||   181
 Cast: Beastly Appendage |     5 |     4 ||     9
       Spider Form       |       |     1 ||     1
  Use: Scroll            |     6 |       ||     6
 Stab: Sleeping          |     6 |     8 ||    14
  Eat: Chunk             |     3 |     3 ||     6
